General information
- name: gay43
- type: Ladder 1vs1/FFA
- host: AgitatedPeon
- saver: 1st_Panzer_Div.
map: TirisfalGlades
- players: 3
- length: 11:58
- speed: Fast
- version: 1.21 W3XP
- replay type: Public
» download(72 KB)
Players
team 1 (winner)
1st_Panzer_Div. (
purple | 95 APM | 1139 actions | 11:58)
3 Death Knight
2 Death Coil
1 Unholy Aura
2 Lich
1 Frost Nova
1 Dark Ritual
» actions
| Assign group hotkey | 50 | |
| Basic commands | 53 | |
| Build / train | 35 | |
| Enter build submenu | 20 | |
| Enter hero's abilities submenu | 5 | |
| Right click | 459 | |
| Select / deselect | 198 | |
| Select group hotkey | 280 | |
| Use ability | 39 | |
1139 total
» units
| Acolyte | 2 | |
| Ghoul | 5 | |
| Gargoyle | 2 | |
| Meatwagon | 3 | |
| Necromancer | 6 | |
| Obsidian Statue | 1 | |
19 total
» upgrades
| Necromancer Training | 1 | |
| Skeletal Longevity | 1 | |
| Exhume Corpses | 1 | |
| Unholy Strength | 1 | |
| Unholy Armor | 1 | |
5 total
» buildings
| Crypt | 1 | |
| Ziggurat | 8 | |
| Altar of Darkness | 1 | |
| Tomb of Relics | 1 | |
| Nerubian Tower | 1 | |
| Halls of the Dead | 2 | |
| Graveyard | 1 | |
| Temple of the Damned | 1 | |
| Slaughterhouse | 1 | |
| Black Citadel | 1 | |
18 total
» build order
00:11 Crypt
00:14 Ziggurat
00:16 Ziggurat
00:47 Altar of Darkness
01:26 Tomb of Relics
01:54 Ziggurat
01:59 Nerubian Tower
02:58 Halls of the Dead
02:58 Halls of the Dead
03:01 Graveyard
03:33 Ziggurat
03:35 Ziggurat
03:42 Ziggurat
04:34 Ziggurat
05:32 Temple of the Damned
05:34 Slaughterhouse
09:49 Black Citadel
11:38 Ziggurat
team 2 (loser)
NasbiN (
pink | 109 APM | 1307 actions | 11:56)
4 Dark Ranger
2 Black Arrow
2 Silence
» actions
| Assign group hotkey | 38 | |
| Basic commands | 63 | |
| Build / train | 45 | |
| ESC pressed | 3 | |
| Enter build submenu | 13 | |
| Enter hero's abilities submenu | 4 | |
| Right click | 556 | |
| Select / deselect | 205 | |
| Select group hotkey | 343 | |
| Use ability | 37 | |
1307 total
» units
» upgrades
» buildings
| Ancient of War | 1 | |
| Moon Well | 4 | |
| Altar of Elders | 1 | |
| Tree of Ages | 1 | |
| Hunter's Hall | 1 | |
| Ancient of Lore | 2 | |
| Ancient of Wonders | 1 | |
11 total
» build order
00:19 Ancient of War
00:32 Moon Well
00:56 Altar of Elders
01:59 Moon Well
03:29 Moon Well
04:07 Tree of Ages
04:45 Hunter's Hall
05:05 Moon Well
06:32 Ancient of Lore
06:49 Ancient of Lore
09:49 Ancient of Wonders
» items
| Boots of Speed | 1 | |
| Staff of Teleportation | 1 | |
2 total
observersAgitatedPeon Chat log
(00:28 / All) 1st_Panzer_Div.: so that start I used there
(00:37 / All) 1st_Panzer_Div.: I'm like 147-3 with it
(00:43 / All) 1st_Panzer_Div.: but it usually only works once
(01:08 / All) 1st_Panzer_Div.: my fav. was some guy did the DR, got a level 8 dr and still lost
(01:11 / All) 1st_Panzer_Div.: my dk was 2
(01:46 / All) 1st_Panzer_Div.: I'm a dinasauras ROAR ROAR
(02:18 / All) 1st_Panzer_Div.: Dr again>
(05:10 / All) 1st_Panzer_Div.: wait what?
(06:00 / All) 1st_Panzer_Div.: why the staff?
(08:33 / All) 1st_Panzer_Div.: gg?
(10:09 / All) 1st_Panzer_Div.: dryads
(11:09 / All) 1st_Panzer_Div.: gg
(11:52 / All) NasbiN: gg